 Dungeon Crawl Stone Soup version 0.31-a0-83-gbff143cfd1 (webtiles) character file.

Game seed: 14959810713271255638

161 Chodeload the Magician (level 5, -4/40 HPs)
             Began as a Djinni Wanderer on May 24, 2023.
             Slain by Pikel
             ... wielding a +2 whip of flaming
              (9 damage)
             ... on level 3 of the Dungeon.
             The game lasted 00:09:31 (2886 turns).

Chodeload the Magician (Djinni Wanderer)            Turns: 2886, Time: 00:09:32

Health: -4/40      AC:  6    Str: 18    XL:     5   Next: 70%
Gold:   120        EV: 16    Int: 14    God:
                   SH:  0    Dex: 21

rFire   + + .        a - +2 flail of the Original Sin {flame, Fragile rPois rCorr Str+8}
rCold   x . .        (no shield)
rNeg    . . .        r - +0 scale mail
rPois   ∞            (no helmet)
rElec   .            (no cloak)
rCorr   +            (no gloves)
SInv    .            (boots unavailable)
Will    .....        (no amulet)
Stlth   +            g - +5 ring of evasion
HPRegen 0.26/turn    d - +6 ring of dexterity
MPRegen 0.00/turn

%: infuse magic (-5 HP)
@: flying
A: sickness immunity, fire resistance 2, cold vulnerability 1, float, innate
caster, HP casting, extra vitality 1
a: no special abilities


You were on level 3 of the Dungeon.
You visited 1 branch of the dungeon, and saw 4 of its levels.

You collected 120 gold pieces.

Inventory:

Hand Weapons
 a - the +2 flail of the Original Sin (weapon) {flame, Fragile rPois rCorr Str+8}
   (You found it on level 3 of the Dungeon)

   Str:       It affects your strength (+8).
   rPois:     It protects you from poison.
   rCorr:     It protects you from acid and corrosion.
   Fragile:   It will be destroyed if unequipped.
Missiles
 c - 5 boomerangs
 j - 10 poisoned darts (quivered)
Armour
 r - a +0 scale mail (worn)
Jewellery
 d - a +6 ring of dexterity (right hand)
 g - a +5 ring of evasion (left hand)
Scrolls
 e - a scroll of enchant weapon
 k - 2 scrolls of immolation
 l - a scroll of teleportation
 m - a scroll of magic mapping {unknown}
Potions
 f - a potion of attraction {unknown}
 h - a potion of enlightenment {unknown}
 i - a potion of haste {unknown}
 n - 3 potions of lignification
 o - a potion of curing {unknown}
 p - a potion of brilliance {unknown}
 q - 2 potions of ambrosia {unknown}


   Skills:
 + Level 2.8 Fighting
 - Level 1.0 Throwing
 - Level 2.0 Armour
 + Level 2.7 Dodging
 - Level 1.0 Stealth
 + Level 3.5 Spellcasting
 + Level 3.5 Conjurations
 + Level 3.5 Hexes
   Level 0.0 Charms
 + Level 3.5 Summonings
 + Level 3.5 Necromancy
 + Level 3.5 Translocations
 + Level 3.5 Transmutations
 + Level 3.5 Fire Magic
 + Level 3.5 Ice Magic
 + Level 3.5 Air Magic
 + Level 3.5 Earth Magic
 + Level 3.5 Poison Magic


You knew the following spells:

 Your Spells              Type           Power      Damage    Failure   Level
a - Beastly Appendage     Tmut           24%        N/A       16%         1
b - Sting                 Tmut/Pois      44%        1d5       19%         1
c - Wereblood             Tmut           12%        N/A       24%         2
d - Kiss of Death         Conj/Necr      44%        2d8       19%         1
e - Vampiric Draining     Necr           12%        2d6       43%         3
f - Apportation           Tloc           24%        N/A       16%         1
g - Call Imp              Summ           24%        N/A       24%         2

Your spell library contained the following spells:

 Spells                   Type           Power      Damage    Failure   Level


Dungeon Overview and Level Annotations

Branches:
Dungeon (4/15)
 Temple: D:4-7

Altars:
Gozag

Annotations:
D:1 exclusion: downstairs
D:3 3 runed translucent doors, exclusions: 3 doors and downstairs, Licon's ghost, weakling DgFi; Pikel
D:4 Sigmund


Innate Abilities, Weirdness & Mutations

You are immune to sickness and miasma.
You are immune to poison.
Your flesh is very heat resistant. (rF++)
You are vulnerable to cold. (rC-)
You float through the air rather than walking.
You learn spells naturally, not from books.
Your magical power is your life essence.
You have superior vitality. (+4 MHP)


Message History

Press: ? - help, Q - select action, (/) - cycle Shift-Dir - straight line, f/p - Pikel
Aim: Pikel, wielding a +2 whip of flaming and wearing a +0 robe (lightly wounded, very poisoned, 56% to hit)
You throw a poisoned dart. The poisoned dart hits Pikel.
Pikel looks even sicker.
Pikel is lightly wounded.
Pikel barely misses you.
You hit Pikel but do no damage.
Pikel is lightly wounded.
Pikel closely misses you. Pikel completely misses you.
You closely miss Pikel.
Pikel is lightly wounded.
Pikel barely misses you.
You hit Pikel. You burn Pikel. Your punch misses Pikel.
Pikel is moderately wounded.
Pikel barely misses you.
You hit Pikel but do no damage.
Pikel is moderately wounded.
Pikel misses you.
Pikel hits you with a +2 whip of flaming.
You hit Pikel. You burn Pikel.
Pikel is heavily wounded.
Pikel hits you with a +2 whip of flaming.
Pikel burns you.
You closely miss Pikel.
Pikel is heavily wounded.
Pikel closely misses you.
Pikel hits you with a +2 whip of flaming!
* * * LOW HITPOINT WARNING * * *
You barely miss Pikel.
Pikel is heavily wounded.
Pikel barely misses you.
You barely miss Pikel.
Pikel is heavily wounded.
Pikel completely misses you.
You barely miss Pikel.
Pikel is heavily wounded.
Pikel hits you with a +2 whip of flaming!
* * * LOW HITPOINT WARNING * * *
Pikel hits you with a +2 whip of flaming!
You die...

.+g_8.∩#####.######........<#
.+W.$.8#...#...........[..###
.#.$..$###..##########..#.#
.##.8∩## ##.# ####.##.# #######
#.### #....##.#
#######...#####.##.##.#
#....####....#..##.##.#
#####....#######...###....###
.........'......@K.....(....#####
#####....################.####...
#....# #........ #....# #.####...
###### #.# #... #.# #...
##'####### #.......# #.......#


You could see Pikel (poisoned).

Vanquished Creatures
  A jelly (D:4)
  3 gnolls (D:3)
  3 adders
  2 worms (D:2)
  A dart slug (D:1)
  8 ball pythons
  7 bats
  7 endoplasms
  2 giant cockroaches (D:2)
  5 goblins
  4 hobgoblins
  3 jackals (D:1)
  7 kobolds
  4 quokkas
  3 frilled lizards
  5 rats
65 creatures vanquished.

Notes
Turn   | Place    | Note
-------+----------+-------------------------------------------
     0 | D:1      | Chodeload the Djinni Wanderer began the quest for the Orb.
     0 | D:1      | Chodeload set off with the following items: a +0 dagger, 13
                  | poisoned darts, a potion of lignification, a +0 robethe
                  | following spells memorised: Beastly Appendage, Sting,
                  | Wereblood, Kiss of Death, Vampiric Draining.
     0 | D:1      | Reached XP level 1. HP: 15/15 MP: 0/0
   128 | D:1      | Reached XP level 2. HP: 21/21 MP: 0/0
   183 | D:1      | Reached skill level 1 in Dodging
   285 | D:1      | Reached skill level 1 in Fighting
   293 | D:1      | Reached XP level 3. HP: 7/27 MP: 0/0
   293 | D:1      | Learned a level 1 spell: Apportation
   898 | D:2      | Reached XP level 4. HP: 21/32 MP: 0/0
  1158 | D:3      | Identified the +2 flail of the Original Sin {flame, Fragile
                  | rPois rCorr Str+8}
  2390 | D:4      | Reached XP level 5. HP: 30/38 MP: 0/0
  2390 | D:4      | Learned a level 2 spell: Call Imp
  2576 | D:4      | Noticed Sigmund
  2708 | D:3      | Found a runed translucent gate.
  2709 | D:3      | Found a runed translucent gate.
  2709 | D:3      | Found a runed translucent gate.
  2742 | D:3      | Found an opulent altar of Gozag.
  2743 | D:3      | Noticed Licon's ghost (weakling DgFi)
  2847 | D:4      | Noticed Pikel
  2847 | D:4      | Noticed a lemure
  2847 | D:4      | Noticed a lemure
  2847 | D:4      | Noticed a lemure
  2847 | D:4      | Noticed a lemure
  2886 | D:3      | Slain by Pikel

Illustrated notes

Levels and vault maps discovered:
D:1:      heliophobic_arrival_battle_scene, layout_basic,
          nicolae_concentric_dashed_squares_wild
D:2:      layout_basic
D:3:      layout_basic, ebering_ghost_gozag, st_stairs_8
D:4:      layout_cave_pools, lemuel_zombie_altar_yredelemnul,
          minmay_temple_entry_glass, uniq_pikel, uniq_menkaure, uniq_sigmund

Skill      XL: |  1  2  3  4 |
---------------+-------------+-----
Spellcasting   | 3 |  3.5
Conjurations   | 3 |  3.5
Hexes          | 3 |  3.5
Summonings     | 3 |  3.5
Necromancy     | 3 |  3.5
Translocations | 3 |  3.5
Transmutations | 3 |  3.5
Fire Magic     | 3 |  3.5
Ice Magic      | 3 |  3.5
Air Magic      | 3 |  3.5
Earth Magic    | 3 |  3.5
Poison Magic   | 3 |  3.5
Dodging        | 1 2 |  2.7
Fighting       | 1 2 |  2.8
Throwing       | |  1.0
Armour         | |  2.0
Stealth        | |  1.0

Action                     |  1- 3 |  4- 6 || total
---------------------------+-------+-------++-------
  Melee: Hand axe          |    63 |     5 ||    68
         Dagger            |     7 |       ||     7
         Headbutt          |     3 |       ||     3
         Trident           |     6 |     9 ||    15
         Flail             |       |    89 ||    89
   Fire: Sling             |    21 |       ||    21
  Throw: Dart              |       |     9 ||     9
   Cast: Beastly Appendage |     3 |       ||     3
         Wereblood         |     1 |       ||     1
    Use: Scroll            |       |     3 ||     3
   Stab: Sleeping          |     2 |     1 ||     3
 Armour: Robe              |    17 |    12 ||    29
         Plate armour      |       |    28 ||    28
         Scale mail        |       |     3 ||     3
  Dodge: Dodged            |    79 |   131 ||   210

Table legend: (Time is in decaauts)
 A = Elapsed time spent in this place.
 B = Non-inter-level travel time spent in this place.
 C = Inter-level travel time spent in this place.
 D = Time resting spent in this place.
 E = Time spent auto-exploring this place.
 F = Levels seen in this place.
 G = Mean time per level.
                   A        B        C        D        E       F      G
               +--------+--------+--------+--------+--------+-----+--------+
         Total |   2962 |   2582 |    380 |    267 |   1223 |   4 |  740.5 |
       Dungeon |   2962 |   2582 |    380 |    267 |   1223 |   4 |  740.5 |
               +--------+--------+--------+--------+--------+-----+--------+

Top non-repeatable levels by time:
     D:2: 1109 daAuts
     D:3: 996 daAuts
     D:1: 767 daAuts
     D:4: 89 daAuts
